 Dungeon Crawl Stone Soup version 0.28-a0-925-gd5e1996cdb (webtiles) character file.

Game seed: 8770285352479904646

814 vincint2002 the Cudgeller (level 7, -3/44 HPs)
             Began as a Gargoyle Fighter on Nov 26, 2021.
             Was an Elder of Elyvilon.
             Slain by a scorpion (5 damage)
             ... on level 5 of the Dungeon.
             The game lasted 00:16:24 (5241 turns).

vincint2002 the Cudgeller (Gargoyle Fighter)        Turns: 5241, Time: 00:16:25

Health: -3/44      AC: 18    Str: 22    XL:     7   Next: 93%
Magic:  7/7        EV:  8    Int:  8    God:    Elyvilon [****..]
Gold:   976        SH:  4    Dex:  9    Spells: 6/6 levels left

rFire   . . .      SeeInvis .   a - +1 flail
rCold   . . .      Faith    .   c - +0 buckler
rNeg    + . .      Spirit   .   h - +0 chain mail
rPois   ∞          Reflect  .   n - +1 helmet
rElec   +          Harm     .   l - +0 cloak
rCorr   +          Rampage  .   (no gloves)
Will    .....                   (no boots)
Stlth   ..........              (no amulet)
HPRegen 0.14/turn               r - ring of resist corrosion
MPRegen 0.10/turn               (no ring)

@: no status effects
A: sickness immunity, AC +4, negative energy resistance 1, electricity
resistance, torment resistance 1, petrification resistance
a: Renounce Religion, Purification, Heal Other, Heal Self


You were on level 5 of the Dungeon.
You worshipped Elyvilon.
Elyvilon was greatly pleased with you.
You visited 1 branch of the dungeon, and saw 5 of its levels.

You collected 976 gold pieces.

Inventory:

Hand Weapons
 a - a +1 flail (weapon)
Armour
 c - a +0 buckler (worn)
 h - a +0 chain mail (worn)
 l - a +0 cloak (worn)
 n - a +1 helmet (worn)
Jewellery
 e - a ring of wizardry
 r - a ring of resist corrosion (left hand)
Scrolls
 f - 5 scrolls of identify
 i - 2 scrolls of vulnerability
 o - a scroll of teleportation {unknown}
 q - a scroll of magic mapping {unknown}
Potions
 b - a potion of resistance {unknown}
 d - a potion of might
 g - 2 potions of curing
 j - 2 potions of lignification {unknown}
 k - a potion of heal wounds
 m - a potion of berserk rage {unknown}
 p - a potion of flight {unknown}
 s - a potion of attraction {unknown}
 t - a potion of magic {unknown}


   Skills:
 + Level 5.2 Fighting
 * Level 5.8 Maces & Flails
 + Level 5.3 Armour
 + Level 5.3 Shields


You had 6 spell levels left.
You didn't know any spells.
Your spell library contained the following spells:

 Spells                   Type           Power      Damage    Failure   Level
 Beastly Appendage        Tmut           0%         N/A       98%         1
 Wereblood                Tmut           0%         N/A       99%         2
 Inner Flame              Hex/Fire       0%         N/A       100%        3
 Spider Form              Tmut/Pois      0%         N/A       100%        3
 Tukima's Dance           Hex            0%         N/A       100%        3
 Cause Fear               Hex            0%         N/A       100%        4
 Passage of Golubria      Tloc           0%         N/A       100%        4
 Yara's Violent Unravell  Hex/Tmut       0%         3d3       100%        5
 Discord                  Hex            0%         N/A       100%        8


Dungeon Overview and Level Annotations

Branches:
Dungeon (5/15)             Temple (0/1) D:4

Altars:
Elyvilon

Annotations:
D:5 2 runed translucent doors


Innate Abilities, Weirdness & Mutations

You are immune to sickness and miasma.
Your stone body is resilient. (AC +4)
You are immune to poison.
You resist negative energy. (rN+)
You are resistant to electric shocks. (rElec)
You are resistant to unholy torment.
You are immune to petrification.


Message History

You hit the scorpion.
The scorpion is lightly wounded.
The water moccasin bites you but does no damage. x2
The scorpion stings you but does no damage.
You sock the scorpion!
The scorpion is heavily wounded.
The water moccasin bites you but does no damage.
The scorpion stings you.
* * * LOW HITPOINT WARNING * * *
The water moccasin bites you but does no damage.
You sock the scorpion!
You kill the scorpion!
The water moccasin closely misses you.
You hit the redback.
The redback is severely wounded.
The redback bites you but does no damage. x2
You hit the redback but do no damage.
The redback is severely wounded.
The redback bites you.
* * * LOW HITPOINT WARNING * * *
The redback completely misses you. The redback barely misses you.
The redback bites you but does no damage.
Found 20 gold pieces.
The redback bites you. Elyvilon protects you from harm!
You block the scorpion's attack.
The redback bites you but does no damage.
The redback closely misses you.
You barely miss the scorpion. You block the redback's attack.
The redback bites you but does no damage.
The scorpion stings you but does no damage.
The redback bites you! Elyvilon protects you from harm!
The scorpion stings you but does no damage.
The redback completely misses you. You block the redback's attack.
The redback bites you but does no damage.
You block the scorpion's attack. The redback barely misses you.
The scorpion stings you but does no damage.
Found a dagger.
The scorpion stings you.
You die...

..... ..... #.. .... . #..
...# ... ........ ..... #
.. ........ ..... ####.
.....##) ...#
##...###........ ..#
.##..<.#....#.).####..#
...........###..@ss..##
............##.S#sS...#
..).............##....##
...............$S......#
...........##..##.##..#...
#........####.# #l.#..# ..
.....##)..##..###....(# .
.....#....###...#....##..
..#........###...........


You could see a water moccasin, 2 redbacks, a scorpion and an adder.

Vanquished Creatures
  A redback (D:5)
  2 ogres
  A phantom (D:4)
  A scorpion (D:5)
  A bullfrog skeleton (D:5)
  An iguana (D:4)
  3 orc wizards (D:3)
  Robin (D:3)
  3 gnolls (D:4)
  7 adders
  4 dart slugs
  A worm (D:3)
  8 orcs
  11 ball pythons
  8 endoplasms
  2 giant cockroaches (D:3)
  19 goblins
  6 hobgoblins
  14 jackals
  7 kobolds
  2 quokkas (D:1)
  3 bats
  4 frilled lizards
  7 rats
117 creatures vanquished.

Vanquished Creatures (others)
  21 plants
21 creatures vanquished.

Grand Total: 138 creatures vanquished

Notes
Turn   | Place    | Note
-------+----------+-------------------------------------------
     0 | D:1      | vincint2002 the Gargoyle Fighter began the quest for the
                  | Orb.
     0 | D:1      | Reached XP level 1. HP: 14/14 MP: 1/1
   200 | D:1      | Reached XP level 2. HP: 19/19 MP: 2/2
   658 | D:1      | Reached XP level 3. HP: 23/23 MP: 3/3
   784 | D:1      | Found a faded altar of an unknown god.
   800 | D:1      | Prayed at the altar of an unknown god.
   800 | D:1      | Became a worshipper of Elyvilon the Healer
   800 | D:1      | Reached * piety under Elyvilon
  1454 | D:2      | Reached XP level 4. HP: 28/29 MP: 4/4
  1720 | D:2      | Reached ** piety under Elyvilon
  1906 | D:2      | Identified a scroll of acquirement
  1907 | D:2      | Acquired 789 gold pieces
  2190 | D:3      | Noticed Robin
  2233 | D:3      | Killed Robin
  2446 | D:3      | Reached XP level 5. HP: 30/33 MP: 5/5
  2700 | D:3      | Noticed an ogre
  2713 | D:3      | Killed an ogre
  3035 | D:3      | Reached XP level 6. HP: 35/38 MP: 6/6
  3689 | D:4      | Reached *** piety under Elyvilon
  3839 | D:4      | Found a staircase to the Ecumenical Temple.
  4275 | D:4      | Reached XP level 7. HP: 32/44 MP: 7/7
  4445 | D:4      | Reached skill level 5 in Maces & Flails
  4969 | D:5      | Entered Level 5 of the Dungeon
  5081 | D:5      | Noticed a redback
  5082 | D:5      | Noticed a redback
  5104 | D:5      | Reached skill level 5 in Armour
  5104 | D:5      | Reached skill level 5 in Shields
  5115 | D:5      | Found the +9 staff of Olgreb {rPois∞}
  5148 | D:5      | Found a runed translucent door.
  5157 | D:5      | Found a runed translucent gate.
  5157 | D:5      | Found a runed translucent gate.
  5158 | D:5      | Found a runed translucent door.
  5179 | D:5      | Found a runed translucent gate.
  5201 | D:5      | Noticed a redback
  5213 | D:5      | Elyvilon protects you from harm!
  5218 | D:5      | Reached **** piety under Elyvilon
  5223 | D:5      | Killed a redback
  5224 | D:5      | Reached skill level 5 in Fighting
  5234 | D:5      | HP: 1/44 [redback (3)]
  5235 | D:5      | Elyvilon protects you from harm!
  5237 | D:5      | Elyvilon protects you from harm!
  5241 | D:5      | Slain by a scorpion

Illustrated notes

Levels and vault maps discovered:
D:1:      roderic_crop_circles_arrival_small, layout_rooms,
          dreamdust_ecumenical_altar_hidden_monk_grotto, serial_forest,
          infiniplex_forest_lined_2, infiniplex_forest_clump_small,
          infiniplex_forest_corner_1, infiniplex_forest_clump_medium,
          infiniplex_forest_clump_double, grunt_decor_mini_mirrors,
          grunt_decor_one_mirror, minmay_pentomino_o2
D:2:      layout_loops_cross
D:3:      kennysheep_goblin_castle, layout_basic
D:4:      layout_basic, minmay_temple_entry_large_hall, kennysheep_another_room,
          serial_bayou_lake_a
D:5:      layout_cave_pools, minmay_guarded_unrand_staff_of_olgreb

Skill      XL: |  1  2  3  4  5  6  7 |
---------------+----------------------+-----
Maces & Flails | 3 4 5 |  5.8
Fighting       | 4 5 |  5.2
Shields        | 4 5 |  5.3
Armour         | 4 5 |  5.3

Action                   |  1- 3 |  4- 6 |  7- 9 || total
-------------------------+-------+-------+-------++-------
Melee: Flail             |   146 |   274 |    53 ||   473
  Use: Scroll            |       |     5 |       ||     5
       Potion            |       |     2 |       ||     2
Armor: Scale mail        |    90 |    17 |       ||   107
       Chain mail        |       |   177 |    43 ||   220
Dodge: Dodged            |    95 |    94 |    29 ||   218
Block: Buckler           |    47 |    54 |    29 ||   130

Table legend: (Time is in decaauts)
 A = Elapsed time spent in this place.
 B = Non-inter-level travel time spent in this place.
 C = Inter-level travel time spent in this place.
 D = Time resting spent in this place.
 E = Time spent auto-exploring this place.
 F = Levels seen in this place.
 G = Mean time per level.
                   A        B        C        D        E       F      G
               +--------+--------+--------+--------+--------+-----+--------+
         Total |   5385 |   5385 |      0 |    978 |   2399 |   5 | 1077.0 |
       Dungeon |   5385 |   5385 |      0 |    978 |   2399 |   5 | 1077.0 |
               +--------+--------+--------+--------+--------+-----+--------+

Top non-repeatable levels by time:
     D:3: 1865 daAuts
     D:4: 1370 daAuts
     D:1: 991 daAuts
     D:2: 981 daAuts
     D:5: 176 daAuts
